Kradschützen Motorcycle Team
Construct Light Support Kompanie
Construct Mechanized Kompanie
Marder III Tank Destroyer
Panzerjäger Mechanized Group
Selects Defensive Operations
Construct Panzerarmee Kommand
Walking Stuka Rocket Launcher
Selects Registered Artillery
Selects Territory Booby Traps
Selects Obice 305mm Barrage
Selects Towed Cannone da 105/28 Field Howitzer
Towed Cannone da 105/28 Field Howitzer